 Dungeon Crawl Stone Soup version 0.30.1-9-gdf580d7c3d (webtiles) character file.

Game seed: 10735127366895456455

36 Chiseanne the Covered (level 3, -6/28 HPs)
             Began as a Demonspawn Wanderer on Oct 15, 2023.
             Mangled by a gnoll
             ... wielding a +0 club
              (8 damage)
             ... on level 2 of the Dungeon.
             The game lasted 00:01:38 (1076 turns).

Chiseanne the Covered (Demonspawn Wanderer)         Turns: 1076, Time: 00:01:38

Health: -6/28      AC:  6    Str: 17    XL:     3   Next: 19%
Magic:  3/3        EV:  9    Int: 10    God:
Gold:   41         SH:  0    Dex: 12    Spells: 2/2 levels left

rFire   . . .        a - +0 long sword
rCold   . . .        (no shield)
rNeg    . . .        c - +0 scale mail
rPois   .            (no helmet)
rElec   .            (no cloak)
rCorr   .            (no gloves)
SInv    .            (no boots)
Will    .....        (no amulet) Stlth
                     (no ring)
HPRegen 0.24/turn    (no ring)
MPRegen 0.08/turn

%: no passive effects
@: no status effects
A: foul stench 1
a: no special abilities


You were on level 2 of the Dungeon.
You visited 1 branch of the dungeon, and saw 2 of its levels.

You collected 41 gold pieces.

Inventory:

Hand Weapons
 a - a +0 long sword (weapon)
Missiles
 e - 14 stones (quivered)
 h - 4 poisoned darts
Armour
 c - a +0 scale mail (worn)
Scrolls
 b - a scroll of identify
 g - a scroll of fog
Potions
 d - a potion of berserk rage
 f - a potion of might {unknown}
 i - a potion of resistance {unknown}
 j - a potion of curing


   Skills:
 * Level 2.6 Fighting
 - Level 2.6 Long Blades
 - Level 1.0 Maces & Flails
 * Level 3.1 Armour
 * Level 1.3 Dodging
 - Level 1.0 Stealth


You had 2 spell levels left.
You didn't know any spells.
Your spell library contained the following spells:

 Spells                   Type           Power      Damage    Failure   Level
 Static Discharge         Conj/Air       0%         2-2/arc   88%         2
 Airstrike                Air            0%         2d(0-16)  100%        4
 Summon Lightning Spire   Summ/Air       0%         N/A       100%        4


Dungeon Overview and Level Annotations

Branches:
Dungeon (2/15)

Altars:
Yredelemnul


Innate Abilities, Weirdness & Mutations

You may rarely emit foul miasma when damaged in melee.


Message History

A gnoll comes into view. It is wielding a +0 club.
The gnoll shouts!
A gnoll comes into view. It is wielding a +0 spear. x2
The gnoll shouts! x2
You slash the worm!
The worm is heavily wounded.
The worm bites you but does no damage.
You hit the worm but do no damage.
The worm is moderately wounded.
You hit the worm but do no damage.
The worm is moderately wounded.
The gnoll hits you from afar with a +0 spear.
The worm barely misses you.
You hit the worm but do no damage.
The worm is moderately wounded.
The gnoll hits you from afar with a +0 spear. x2
The worm barely misses you.
The gnoll hits you from afar with a +0 spear.
The gnoll barely misses you. x2
You slash the worm!
The worm is severely wounded.
The gnoll barely misses you. The gnoll hits you but does no damage.
The gnoll closely misses you. The worm completely misses you.
You hit the worm.
The worm is almost dead.
The gnoll hits you from afar with a +0 spear.
The gnoll hits you but does no damage. The gnoll misses you.
You are too injured to fight recklessly!
You are too injured to fight recklessly!
You are too injured to fight recklessly!
You are too injured to fight recklessly!
You are too injured to fight recklessly!
You are too injured to fight recklessly!
The gnoll hits you with a +0 club. The gnoll hits you with a +0 club.
* * * LOW HITPOINT WARNING * * *
The gnoll hits you from afar with a +0 spear.
* * * LOW HITPOINT WARNING * * *
The gnoll attacks as you move away! The gnoll hits you with a +0 club!
You die...

###........ #..........
#####..........
######...#..........
#........#.......#
#........#.......# ...
#........#..g....#
...###...##...##wgg...#
.........##...##@###.....
.................# ....
.................# ...
.......>.........# ..
................... .
.......†............
...................$..
...................?#.
.................../.


You could see a worm and 3 gnolls.

Vanquished Creatures
  A worm (D:2)
  5 endoplasms
  2 goblins
  A hobgoblin (D:2)
  7 jackals (D:1)
  5 kobolds
  A quokka (D:1)
  2 ball pythons (D:1)
  A bat (D:2)
  A frilled lizard (D:2)
  3 rats
29 creatures vanquished.

Notes
Turn   | Place    | Note
-------+----------+-------------------------------------------
     0 | D:1      | Chiseanne the Demonspawn Wanderer began the quest for the
                  | Orb.
     0 | D:1      | Chiseanne set off with the following items: a +0 long
                  | sword, a +0 mace, a +0 scale mail, a potion of berserk
                  | rage.
     0 | D:1      | Reached XP level 1. HP: 16/16 MP: 1/1
   222 | D:1      | Gained mutation: You may rarely emit foul miasma when
                  | damaged in melee. [demonic ancestry]
   222 | D:1      | Reached XP level 2. HP: 22/22 MP: 2/2
   349 | D:1      | Reached skill level 3 in Armour
   350 | D:1      | Reached skill level 1 in Dodging
   737 | D:2      | Found a basalt altar of Yredelemnul.
   867 | D:2      | Reached XP level 3. HP: 5/28 MP: 3/3
  1076 | D:2      | Mangled by a gnoll

Illustrated notes

Levels and vault maps discovered:
D:1:      kilobyte_arrival_exit_the_forest, layout_rooms
D:2:      layout_basic, basic_altar

Skill      XL: |  1  2 |
---------------+-------+-----
Armour         | 3 |  3.1
Dodging        | 1 |  1.3
Fighting       | |  2.6
Long Blades    | |  2.6
Maces & Flails | |  1.0
Stealth        | |  1.0

Action                     || total
---------------------------++-------
  Melee: Long sword        ||    91
    Use: Scroll            ||     5
 Armour: Scale mail        ||    60
  Dodge: Dodged            ||    65
